[ AOE2 MATCH · #474758151 ]
UnrankedBengalis vs Britons
[ REPLAY ANALYSIS · EXTRACTED FROM THE RECORDED GAME ]
Feudal
7:11
Castle
10:46
Imperial
23:45
| APM avg | 35.4 |
| APM peak | 70 |
| eAPM avg | 19.4 |
| Villagers / military | 162 / 146 |
Focus
⚔️ 25.6% · 🌾 74.4%
Elephant Archer ×123 · Trade Cart ×24 · Archer ×16 · Trebuchet (Packed) ×7
Feudal
5:32
Castle
13:00
Imperial
30:16
| APM avg | 32.9 |
| APM peak | 76 |
| eAPM avg | 19.8 |
| Villagers / military | 174 / 78 |
Focus
⚔️ 20.5% · 🌾 79.5%
Leitis ×70 · Trade Cart ×10 · Trebuchet (Packed) ×5 · Monk ×3
Feudal
7:12
Castle
11:07
Imperial
27:27
| APM avg | 30.6 |
| APM peak | 72 |
| eAPM avg | 21.4 |
| Villagers / military | 102 / 70 |
Focus
⚔️ 26.4% · 🌾 73.6%
Longbowman ×56 · Trebuchet (Packed) ×9 · Monk ×3 · Mangonel ×2
Feudal
8:01
Castle
11:31
Imperial
31:32
| APM avg | 36.7 |
| APM peak | 86 |
| eAPM avg | 25.3 |
| Villagers / military | 115 / 126 |
Focus
⚔️ 32.9% · 🌾 67.1%
Spearman ×70 · Militia ×34 · Battering Ram ×19 · Mangonel ×2 · Konnik ×1
Feudal
—
Castle
—
Imperial
—
| APM avg | 35.2 |
| APM peak | 62 |
| eAPM avg | 24.2 |
| Villagers / military | 172 / 103 |
Focus
⚔️ 38.5% · 🌾 61.5%
Coustillier ×103
Feudal
8:01
Castle
11:34
Imperial
27:00
| APM avg | 33.9 |
| APM peak | 68 |
| eAPM avg | 18.8 |
| Villagers / military | 159 / 138 |
Focus
⚔️ 28.6% · 🌾 71.4%
Cavalry Archer ×101 · Skirmisher ×25 · Tarkan ×6 · Trebuchet (Packed) ×4 · Monk ×2 · Trade Cart ×2
Feudal
7:36
Castle
11:08
Imperial
24:55
| APM avg | 36.9 |
| APM peak | 89 |
| eAPM avg | 25.4 |
| Villagers / military | 157 / 140 |
Focus
⚔️ 38.7% · 🌾 61.3%
Coustillier ×130 · Bombard Cannon ×7 · Trebuchet (Packed) ×3
Feudal
8:02
Castle
11:35
Imperial
26:57
| APM avg | 31.4 |
| APM peak | 62 |
| eAPM avg | 22.4 |
| Villagers / military | 135 / 155 |
Focus
⚔️ 42.8% · 🌾 57.2%
Knight ×140 · Scout Cavalry ×14 · Monk ×1
Match map
Initial resources + every placement click. Lines = walls · curves = elevation contours. ◆ gold · ⬟ stone · ● berries · ✦ relic · ◌ wall gap
Your base· ✓ Closed at 10:46 · 0t walls · 7 gate(s)
boo's base· ✓ Closed at 13:00 · 2t walls · 8 gate(s)
ntn88's base· ✓ Closed at 11:07 · 0t walls · 7 gate(s)
Kustomluke's base· ✓ Closed at 11:31 · 0t walls · 6 gate(s)
OmegaJ256's base· ✓ Closed at 8:39 · 0t walls · 7 gate(s)
bluepeople's base· ✓ Closed at 11:34 · 0t walls · 5 gate(s)
(PNG)Ludovicum95's base· ✓ Closed at 11:08 · 0t walls · 4 gate(s)
大庆Song's base· ✓ Closed at 11:35 · 1t walls · 6 gate(s)
Smoothed initial terrain · ◌ = detected wall gap · hover for details
Inputs per minute
— Der ölende Fisch - - boo
Build order — Der ölende Fisch
First 150 of 403 actions detected
| 0:01 | Create | Villager (Male) |
| 0:01 | Create | Villager (Male) |
| 0:01 | Create | Villager (Male) |
| 0:01 | Create | Villager (Male) |
| 0:02 | Create | Villager (Male) |
| 0:13 | Build | Mill |
| 0:15 | Build | Lumber Camp |
| 1:18 | Create | Villager (Male) |
| 1:18 | Create | Villager (Male) |
| 1:29 | Create | Villager (Male) |
| 1:29 | Create | Villager (Male) |
| 1:51 | Create | Villager (Male) |
| 1:51 | Create | Villager (Male) |
| 2:00 | Create | Villager (Male) |
| 2:00 | Create | Villager (Male) |
| 2:58 | Create | Villager (Male) |
| 2:59 | Create | Villager (Male) |
| 2:59 | Create | Villager (Male) |
| 2:59 | Create | Villager (Male) |
| 3:14 | Create | Villager (Male) |
| 3:15 | Create | Villager (Male) |
| 4:13 | Create | Villager (Male) |
| 4:28 | Build | Farm |
| 4:29 | Build | Farm |
| 4:31 | Build | Farm |
| 4:37 | Build | Farm |
| 4:41 | Build | Mining Camp |
| 4:54 | Research | Feudal Age |
| 5:30 | Create | Villager (Male) |
| 5:31 | Create | Villager (Male) |
| 7:11 | Age | Feudal Age |
| 7:12 | Build | Market |
| 7:21 | Build | Blacksmith |
| 8:06 | Research | Castle Age |
| 8:07 | Research | Castle Age |
| 9:07 | Research | Double-Bit Axe |
| 9:08 | Research | Horse Collar |
| 9:38 | Build | Farm |
| 10:16 | Create | Villager (Male) |
| 10:16 | Create | Villager (Male) |
| 10:46 | Age | Castle Age |
| 10:56 | Build | Town Center |
| 11:05 | Build | Town Center |
| 11:17 | Build | Farm |
| 11:29 | Research | Bow Saw |
| 11:30 | Create | Villager (Male) |
| 11:30 | Create | Villager (Male) |
| 11:30 | Create | Villager (Male) |
| 12:08 | Build | Farm |
| 12:18 | Create | Villager (Male) |
| 12:19 | Create | Villager (Male) |
| 12:36 | Create | Villager (Male) |
| 12:36 | Create | Villager (Male) |
| 12:36 | Create | Villager (Male) |
| 12:37 | Create | Villager (Male) |
| 12:37 | Create | Villager (Male) |
| 12:37 | Create | Villager (Male) |
| 12:38 | Create | Villager (Male) |
| 12:38 | Create | Villager (Male) |
| 12:51 | Create | Villager (Male) |
| 12:51 | Create | Villager (Male) |
| 12:54 | Build | Farm |
| 12:56 | Build | Farm |
| 12:57 | Build | Farm |
| 13:02 | Build | Farm |
| 13:02 | Build | Farm |
| 13:03 | Create | Villager (Male) |
| 13:03 | Create | Villager (Male) |
| 13:13 | Build | Farm |
| 13:27 | Build | Farm |
| 13:29 | Create | Villager (Male) |
| 13:29 | Create | Villager (Male) |
| 13:33 | Build | Farm |
| 13:56 | Create | Villager (Male) |
| 13:57 | Create | Villager (Male) |
| 13:58 | Create | Villager (Male) |
| 13:58 | Create | Villager (Male) |
| 14:02 | Build | Farm |
| 14:09 | Build | Farm |
| 14:10 | Create | Villager (Male) |
| 14:10 | Create | Villager (Male) |
| 14:18 | Create | Villager (Male) |
| 14:19 | Create | Villager (Male) |
| 14:39 | Create | Villager (Male) |
| 14:48 | Create | Villager (Male) |
| 14:48 | Create | Villager (Male) |
| 14:53 | Build | Farm |
| 15:03 | Build | Town Center |
| 15:04 | Create | Villager (Male) |
| 15:04 | Create | Villager (Male) |
| 15:09 | Build | Farm |
| 15:09 | Build | Farm |
| 15:11 | Build | Farm |
| 15:14 | Build | Farm |
| 15:28 | Create | Villager (Male) |
| 15:28 | Create | Villager (Male) |
| 15:29 | Create | Villager (Male) |
| 15:31 | Build | Farm |
| 15:32 | Build | Farm |
| 15:34 | Build | House |
| 15:35 | Build | House |
| 15:38 | Build | House |
| 15:44 | Research | Wheelbarrow |
| 15:45 | Research | Town Watch |
| 15:58 | Build | Farm |
| 16:08 | Create | Villager (Male) |
| 16:08 | Create | Villager (Male) |
| 16:08 | Create | Villager (Male) |
| 16:14 | Build | House |
| 16:14 | Build | House |
| 16:25 | Create | Villager (Male) |
| 16:26 | Create | Villager (Male) |
| 16:26 | Create | Villager (Male) |
| 16:26 | Create | Villager (Male) |
| 16:28 | Build | House |
| 16:29 | Build | House |
| 16:32 | Build | Farm |
| 16:34 | Build | Farm |
| 16:38 | Build | Farm |
| 16:41 | Build | Farm |
| 16:45 | Build | Farm |
| 16:47 | Create | Villager (Male) |
| 16:47 | Create | Villager (Male) |
| 16:47 | Create | Villager (Male) |
| 16:48 | Create | Villager (Male) |
| 17:05 | Build | Farm |
| 17:06 | Build | Farm |
| 17:07 | Create | Villager (Male) |
| 17:07 | Create | Villager (Male) |
| 17:07 | Create | Villager (Male) |
| 17:11 | Build | Farm |
| 17:12 | Build | Farm |
| 17:16 | Build | Farm |
| 17:16 | Build | Farm |
| 17:19 | Build | Farm |
| 17:22 | Create | Villager (Male) |
| 17:23 | Create | Villager (Male) |
| 17:23 | Create | Villager (Male) |
| 17:23 | Create | Villager (Male) |
| 17:25 | Create | Villager (Male) |
| 17:26 | Create | Villager (Male) |
| 17:29 | Build | Farm |
| 17:34 | Build | Farm |
| 17:38 | Create | Villager (Male) |
| 17:38 | Create | Villager (Male) |
| 17:38 | Create | Villager (Male) |
| 17:41 | Build | Farm |
| 17:43 | Build | Farm |
| 17:43 | Build | Farm |
| 17:49 | Build | Farm |
Build order — boo
First 150 of 411 actions detected
| 0:01 | Create | Villager (Male) |
| 0:01 | Create | Villager (Male) |
| 0:01 | Create | Villager (Male) |
| 0:14 | Build | Mill |
| 0:15 | Create | Villager (Male) |
| 0:16 | Create | Villager (Male) |
| 0:24 | Create | Villager (Male) |
| 0:32 | Build | Lumber Camp |
| 2:32 | Create | Villager (Male) |
| 2:57 | Create | Villager (Male) |
| 3:18 | Research | Feudal Age |
| 5:18 | Create | Villager (Male) |
| 5:32 | Age | Feudal Age |
| 5:32 | Research | Double-Bit Axe |
| 5:33 | Research | Double-Bit Axe |
| 5:39 | Research | Horse Collar |
| 5:46 | Build | Market |
| 5:48 | Create | Villager (Male) |
| 5:50 | Build | Farm |
| 5:50 | Build | Farm |
| 5:50 | Build | Farm |
| 5:51 | Build | Farm |
| 5:51 | Build | Farm |
| 5:51 | Build | Farm |
| 6:18 | Create | Villager (Male) |
| 6:38 | Create | Villager (Male) |
| 6:41 | Build | Blacksmith |
| 6:43 | Create | Villager (Male) |
| 7:11 | Create | Villager (Male) |
| 7:15 | Build | Farm |
| 7:20 | Create | Villager (Male) |
| 7:31 | Build | Farm |
| 7:56 | Create | Villager (Male) |
| 8:16 | Build | Farm |
| 8:19 | Create | Villager (Male) |
| 8:33 | Build | House |
| 8:37 | Create | Villager (Male) |
| 8:55 | Create | Villager (Male) |
| 8:58 | Build | Farm |
| 9:00 | Build | Farm |
| 9:03 | Build | House |
| 9:20 | Build | Farm |
| 9:20 | Build | Farm |
| 9:41 | Build | House |
| 9:57 | Build | Palisade Wall |
| 10:08 | Build | Palisade Gate |
| 10:13 | Build | Palisade Wall |
| 10:20 | Research | Castle Age |
| 10:40 | Build | Lumber Camp |
| 12:37 | Create | Villager (Male) |
| 13:00 | Age | Castle Age |
| 13:13 | Build | Palisade Wall |
| 13:15 | Build | Palisade Wall |
| 13:16 | Build | Palisade Wall |
| 13:19 | Build | Town Center |
| 13:22 | Build | Monastery |
| 13:27 | Create | Villager (Male) |
| 13:27 | Create | Villager (Male) |
| 13:32 | Build | Town Center |
| 13:43 | Build | Palisade Wall |
| 13:46 | Build | Palisade Wall |
| 13:50 | Research | Bow Saw |
| 13:52 | Create | Villager (Male) |
| 14:00 | Create | Villager (Male) |
| 14:01 | Create | Villager (Male) |
| 14:11 | Create | Monk |
| 14:29 | Build | House |
| 14:31 | Create | Villager (Male) |
| 14:31 | Create | Villager (Male) |
| 14:34 | Create | Villager (Male) |
| 14:34 | Create | Villager (Male) |
| 14:35 | Create | Monk |
| 14:50 | Create | Villager (Male) |
| 15:01 | Build | House |
| 15:06 | Build | Palisade Gate |
| 15:18 | Create | Villager (Male) |
| 15:24 | Create | Villager (Male) |
| 15:26 | Research | Heavy Plow |
| 15:28 | Create | Villager (Male) |
| 15:28 | Create | Villager (Male) |
| 15:28 | Create | Villager (Male) |
| 15:42 | Build | House |
| 15:51 | Research | Wheelbarrow |
| 15:56 | Create | Villager (Male) |
| 15:56 | Create | Villager (Male) |
| 16:36 | Build | House |
| 16:40 | Build | Town Center |
| 16:41 | Create | Villager (Male) |
| 16:41 | Create | Villager (Male) |
| 16:45 | Create | Villager (Male) |
| 16:46 | Create | Villager (Male) |
| 16:55 | Create | Villager (Male) |
| 16:55 | Create | Villager (Male) |
| 17:08 | Build | House |
| 17:09 | Build | House |
| 17:13 | Create | Villager (Male) |
| 17:13 | Create | Villager (Male) |
| 17:13 | Create | Villager (Male) |
| 17:21 | Build | Farm |
| 17:22 | Build | Farm |
| 17:22 | Build | Farm |
| 17:23 | Build | Farm |
| 17:23 | Build | Farm |
| 17:23 | Build | Farm |
| 17:23 | Build | Farm |
| 17:29 | Create | Villager (Male) |
| 17:32 | Create | Monk |
| 17:35 | Build | Palisade Gate |
| 17:37 | Build | House |
| 17:38 | Build | House |
| 17:57 | Create | Villager (Male) ×5 |
| 18:05 | Build | House |
| 18:09 | Create | Villager (Male) |
| 18:09 | Create | Villager (Male) |
| 18:26 | Create | Villager (Male) |
| 18:30 | Create | Villager (Male) |
| 18:30 | Create | Villager (Male) |
| 18:40 | Create | Villager (Male) |
| 18:41 | Create | Villager (Male) |
| 18:49 | Build | Farm |
| 18:49 | Build | Farm |
| 18:50 | Build | Farm |
| 18:54 | Build | Mining Camp |
| 18:56 | Build | Mining Camp |
| 18:57 | Create | Villager (Male) |
| 18:57 | Create | Villager (Male) |
| 18:57 | Create | Villager (Male) |
| 18:59 | Build | Farm |
| 19:00 | Build | Farm |
| 19:00 | Build | Farm |
| 19:00 | Build | Farm |
| 19:00 | Build | Farm |
| 19:00 | Build | Farm |
| 19:01 | Build | Farm |
| 19:01 | Build | Farm |
| 19:01 | Build | Farm |
| 19:01 | Build | Farm |
| 19:24 | Build | Town Center |
| 19:26 | Create | Villager (Male) |
| 19:26 | Create | Villager (Male) |
| 19:35 | Build | Farm |
| 19:36 | Create | Villager (Male) |
| 19:36 | Create | Villager (Male) |
| 19:37 | Create | Villager (Male) |
| 19:39 | Build | Farm |
| 19:39 | Build | Farm |
| 19:40 | Build | Farm |
| 19:40 | Build | Farm |
| 19:40 | Build | Farm |
| 19:40 | Build | Farm |
Build order — ntn88
First 150 of 284 actions detected
| 0:02 | Create | Villager (Male) |
| 0:02 | Create | Villager (Male) |
| 0:02 | Create | Villager (Male) |
| 0:19 | Build | Lumber Camp |
| 0:22 | Build | Mill |
| 0:57 | Create | Villager (Male) |
| 1:38 | Create | Villager (Male) |
| 1:38 | Create | Villager (Male) |
| 1:38 | Create | Villager (Male) |
| 2:25 | Build | Farm |
| 2:51 | Create | Villager (Male) |
| 3:02 | Build | Farm |
| 3:20 | Create | Villager (Male) |
| 3:20 | Create | Villager (Male) |
| 3:33 | Build | Farm |
| 4:02 | Create | Villager (Male) |
| 4:02 | Create | Villager (Male) |
| 4:03 | Create | Villager (Male) |
| 4:16 | Build | Mining Camp |
| 4:22 | Build | Mining Camp |
| 4:51 | Research | Feudal Age |
| 5:06 | Build | Farm |
| 5:30 | Build | Farm |
| 6:14 | Create | Villager (Male) |
| 6:14 | Create | Villager (Male) |
| 7:06 | Create | Villager (Male) |
| 7:06 | Create | Villager (Male) |
| 7:12 | Age | Feudal Age |
| 7:18 | Build | Market |
| 7:44 | Build | Blacksmith |
| 8:23 | Research | Castle Age |
| 8:55 | Research | Double-Bit Axe |
| 9:17 | Research | Horse Collar |
| 9:58 | Research | Wheelbarrow |
| 10:04 | Create | Villager (Male) |
| 10:04 | Create | Villager (Male) |
| 10:04 | Create | Villager (Male) |
| 11:07 | Age | Castle Age |
| 11:13 | Build | Town Center |
| 11:25 | Build | Town Center |
| 11:32 | Build | Monastery |
| 11:46 | Research | Bow Saw |
| 11:49 | Build | Farm |
| 12:20 | Create | Villager (Male) |
| 12:20 | Create | Villager (Male) |
| 12:24 | Create | Monk |
| 12:31 | Create | Villager (Male) |
| 12:31 | Create | Villager (Male) |
| 12:33 | Build | Farm |
| 12:37 | Build | Farm |
| 13:02 | Build | Farm |
| 13:36 | Create | Villager (Male) |
| 13:37 | Create | Longbowman |
| 13:37 | Create | Longbowman |
| 13:38 | Create | Longbowman |
| 13:41 | Build | Farm |
| 13:42 | Build | Farm |
| 13:59 | Build | Farm |
| 14:04 | Create | Villager (Male) |
| 14:04 | Create | Villager (Male) |
| 14:04 | Create | Villager (Male) |
| 14:05 | Create | Villager (Male) |
| 14:05 | Create | Villager (Male) |
| 14:05 | Create | Villager (Male) |
| 14:21 | Build | Farm |
| 14:22 | Build | Farm |
| 14:44 | Create | Monk |
| 14:45 | Create | Villager (Male) |
| 14:54 | Build | Farm |
| 14:55 | Build | Farm |
| 15:02 | Create | Villager (Male) |
| 15:02 | Create | Villager (Male) |
| 15:15 | Create | Villager (Male) |
| 15:15 | Create | Villager (Male) |
| 15:21 | Build | Farm |
| 15:22 | Build | Farm |
| 15:23 | Build | Farm |
| 15:24 | Build | Farm |
| 15:43 | Create | Villager (Male) |
| 15:43 | Create | Villager (Male) |
| 15:48 | Build | Farm |
| 15:48 | Build | Farm |
| 15:49 | Build | Farm |
| 16:00 | Create | Villager (Male) |
| 16:00 | Create | Villager (Male) |
| 16:09 | Build | Farm |
| 16:11 | Build | Farm |
| 16:17 | Create | Villager (Male) |
| 16:19 | Build | Farm |
| 16:24 | Create | Villager (Male) |
| 16:24 | Create | Villager (Male) |
| 16:24 | Create | Villager (Male) |
| 16:34 | Research | Loom |
| 16:40 | Create | Villager (Male) |
| 16:40 | Create | Villager (Male) |
| 16:42 | Build | Farm |
| 16:43 | Build | Farm |
| 16:43 | Build | Farm |
| 16:49 | Build | Farm |
| 16:55 | Build | House |
| 17:06 | Create | Villager (Male) |
| 17:11 | Research | Town Watch |
| 17:28 | Create | Villager (Male) |
| 17:28 | Create | Villager (Male) |
| 17:30 | Create | Villager (Male) |
| 17:30 | Create | Villager (Male) |
| 17:34 | Build | House |
| 17:35 | Build | House |
| 17:36 | Build | House |
| 17:37 | Build | House |
| 17:38 | Create | Villager (Male) |
| 17:38 | Create | Villager (Male) |
| 17:44 | Build | Farm |
| 17:48 | Build | Farm |
| 17:48 | Build | Farm |
| 17:53 | Build | Farm |
| 17:55 | Create | Villager (Male) |
| 17:55 | Create | Villager (Male) |
| 17:58 | Create | Villager (Male) |
| 17:58 | Create | Villager (Male) |
| 18:31 | Create | Monk |
| 18:38 | Research | Heavy Plow |
| 18:40 | Research | Fletching |
| 19:05 | Build | Siege Workshop |
| 19:28 | Create | Villager (Male) |
| 19:28 | Create | Villager (Male) |
| 19:30 | Create | Villager (Male) |
| 19:36 | Create | Longbowman |
| 19:36 | Create | Longbowman |
| 19:36 | Create | Longbowman |
| 19:43 | Build | House |
| 19:44 | Build | House |
| 19:59 | Create | Mangonel |
| 20:25 | Build | Gate |
| 20:26 | Create | Villager (Male) |
| 20:26 | Create | Villager (Male) |
| 20:26 | Create | Villager (Male) |
| 20:31 | Build | House |
| 20:40 | Create | Mangonel |
| 21:01 | Research | Bodkin Arrow |
| 21:21 | Build | Town Center |
| 21:42 | Create | Villager (Male) |
| 22:03 | Create | Villager (Male) |
| 22:03 | Create | Villager (Male) |
| 22:11 | Research | Gold Mining |
| 22:11 | Research | Gold Mining |
| 22:22 | Create | Villager (Male) |
| 22:22 | Create | Villager (Male) |
| 22:22 | Create | Villager (Male) |
| 22:31 | Build | Town Center |
Build order — Kustomluke
First 150 of 418 actions detected
| 0:01 | Create | Villager (Male) |
| 0:03 | Build | Lumber Camp |
| 0:09 | Create | Villager (Male) |
| 0:09 | Create | Villager (Male) |
| 0:09 | Create | Villager (Male) |
| 1:03 | Create | Villager (Male) |
| 1:33 | Create | Villager (Male) |
| 1:49 | Build | Mill |
| 2:00 | Create | Villager (Male) |
| 2:08 | Create | Villager (Male) |
| 2:14 | Create | Villager (Male) |
| 2:45 | Create | Villager (Male) |
| 3:02 | Create | Villager (Male) |
| 3:02 | Create | Villager (Male) |
| 3:32 | Create | Villager (Male) |
| 3:49 | Create | Villager (Male) |
| 4:07 | Build | Farm |
| 4:10 | Build | Farm |
| 4:32 | Build | Farm |
| 5:04 | Research | Feudal Age |
| 6:04 | Build | Mining Camp |
| 6:10 | Create | Villager (Male) |
| 6:10 | Create | Villager (Male) |
| 6:18 | Build | Farm |
| 6:31 | Build | Farm |
| 8:01 | Age | Feudal Age |
| 8:02 | Build | Blacksmith |
| 8:04 | Build | Market |
| 8:17 | Research | Double-Bit Axe |
| 8:26 | Build | House |
| 8:27 | Build | House |
| 8:51 | Research | Castle Age |
| 8:51 | Research | Castle Age |
| 8:58 | Build | Farm |
| 9:21 | Research | Horse Collar |
| 9:21 | Research | Horse Collar |
| 9:26 | Create | Villager (Male) |
| 10:15 | Create | Militia |
| 10:16 | Create | Militia |
| 10:17 | Research | Scale Mail Armor |
| 10:27 | Build | Barracks |
| 10:37 | Create | Militia |
| 10:41 | Create | Militia |
| 10:47 | Research | Forging |
| 11:31 | Age | Castle Age |
| 11:36 | Build | Siege Workshop |
| 11:40 | Create | Villager (Male) |
| 11:41 | Create | Militia |
| 11:42 | Create | Militia |
| 11:48 | Research | Chain Mail Armor |
| 12:00 | Build | Lumber Camp |
| 12:14 | Create | Villager (Male) |
| 12:24 | Create | Battering Ram |
| 12:24 | Create | Battering Ram |
| 12:33 | Create | Villager (Male) |
| 12:41 | Create | Militia |
| 12:42 | Create | Militia |
| 12:48 | Build | Farm |
| 12:52 | Build | Farm |
| 13:11 | Create | Villager (Male) |
| 13:15 | Build | Farm |
| 13:29 | Create | Battering Ram |
| 13:40 | Create | Villager (Male) |
| 13:55 | Create | Villager (Male) |
| 14:06 | Create | Battering Ram |
| 14:08 | Build | Farm |
| 14:09 | Build | Farm |
| 14:12 | Build | Farm |
| 14:29 | Create | Villager (Male) |
| 14:32 | Build | Farm |
| 14:36 | Create | Militia |
| 14:45 | Build | Farm |
| 14:48 | Build | Farm |
| 14:51 | Build | Farm |
| 14:53 | Create | Villager (Male) |
| 14:59 | Create | Militia |
| 15:14 | Create | Militia |
| 15:16 | Create | Villager (Male) |
| 15:22 | Create | Militia |
| 15:32 | Create | Villager (Male) |
| 15:45 | Create | Villager (Male) |
| 15:51 | Build | Farm |
| 15:51 | Build | Farm |
| 15:54 | Build | Lumber Camp |
| 16:01 | Create | Militia |
| 16:01 | Create | Militia |
| 16:07 | Create | Militia |
| 16:14 | Build | House |
| 16:19 | Research | Loom |
| 16:19 | Research | Loom |
| 16:33 | Create | Militia |
| 16:34 | Create | Militia |
| 16:36 | Create | Villager (Male) |
| 16:36 | Create | Villager (Male) |
| 16:52 | Create | Militia |
| 16:59 | Build | Farm |
| 17:04 | Create | Militia |
| 17:12 | Build | Farm |
| 17:16 | Build | House |
| 17:18 | Build | House |
| 17:33 | Create | Villager (Male) |
| 17:33 | Create | Villager (Male) |
| 17:45 | Create | Villager (Male) |
| 17:58 | Research | Squires |
| 18:13 | Build | Town Center |
| 18:20 | Build | Town Center |
| 18:30 | Create | Villager (Male) |
| 18:58 | Create | Villager (Male) |
| 18:59 | Create | Villager (Male) |
| 19:18 | Create | Villager (Male) |
| 19:22 | Build | Farm |
| 19:24 | Research | Heavy Plow |
| 19:31 | Build | Lumber Camp |
| 19:35 | Create | Villager (Male) |
| 19:47 | Create | Villager (Male) |
| 19:49 | Create | Militia |
| 19:49 | Create | Militia |
| 20:11 | Create | Militia |
| 20:25 | Create | Villager (Male) |
| 20:25 | Create | Villager (Male) |
| 20:31 | Create | Villager (Male) |
| 20:32 | Create | Villager (Male) |
| 20:42 | Create | Villager (Male) |
| 20:47 | Create | Villager (Male) |
| 20:47 | Create | Villager (Male) |
| 20:48 | Create | Militia |
| 21:07 | Create | Villager (Male) |
| 21:11 | Create | Villager (Male) |
| 21:17 | Create | Villager (Male) |
| 21:37 | Create | Villager (Male) |
| 21:42 | Create | Villager (Male) |
| 21:42 | Create | Villager (Male) |
| 21:48 | Create | Militia |
| 21:50 | Build | Farm |
| 21:50 | Build | Farm |
| 21:51 | Build | Farm |
| 21:52 | Build | Farm |
| 21:53 | Build | Farm |
| 21:53 | Build | Farm |
| 21:53 | Build | Farm |
| 21:53 | Build | Farm |
| 22:05 | Create | Villager (Male) |
| 22:14 | Create | Villager (Male) |
| 22:14 | Create | Villager (Male) |
| 22:16 | Create | Villager (Male) |
| 22:33 | Create | Villager (Male) |
| 22:40 | Build | Farm |
| 22:40 | Build | Farm |
| 22:41 | Build | Farm |
| 22:41 | Build | Farm |
Build order — OmegaJ256
First 150 of 440 actions detected
| 0:03 | Create | Villager (Male) |
| 0:08 | Create | Villager (Male) |
| 0:10 | Build | Mill |
| 0:10 | Create | Villager (Male) |
| 0:12 | Create | Villager (Male) |
| 0:27 | Build | Lumber Camp |
| 1:04 | Create | Villager (Male) |
| 1:50 | Research | Double-Bit Axe |
| 1:50 | Research | Double-Bit Axe |
| 2:07 | Create | Villager (Male) |
| 2:18 | Create | Villager (Male) |
| 2:35 | Research | Horse Collar |
| 2:53 | Create | Villager (Male) |
| 3:11 | Create | Villager (Male) |
| 3:15 | Create | Villager (Male) |
| 3:18 | Create | Villager (Male) |
| 3:23 | Create | Villager (Male) |
| 3:59 | Create | Villager (Male) |
| 4:28 | Build | Farm |
| 4:30 | Build | Farm |
| 4:37 | Create | Villager (Male) |
| 4:47 | Build | Farm |
| 5:04 | Build | Farm |
| 5:17 | Research | Feudal Age |
| 5:17 | Research | Feudal Age |
| 6:33 | Create | Villager (Male) |
| 6:34 | Create | Villager (Male) |
| 7:40 | Build | Market |
| 7:44 | Build | Blacksmith |
| 8:39 | Research | Castle Age |
| 9:08 | Build | Lumber Camp |
| 9:21 | Research | Bow Saw |
| 9:40 | Research | Heavy Plow |
| 11:09 | Create | Villager (Male) |
| 11:20 | Build | Town Center |
| 11:23 | Build | Town Center |
| 11:29 | Create | Villager (Male) |
| 11:49 | Build | Farm |
| 11:51 | Create | Villager (Male) |
| 12:02 | Build | Farm |
| 12:03 | Create | Villager (Male) |
| 12:11 | Build | Farm |
| 12:31 | Build | Farm |
| 12:31 | Create | Villager (Male) |
| 12:35 | Research | Wheelbarrow |
| 12:36 | Create | Villager (Male) |
| 12:39 | Create | Villager (Male) |
| 12:41 | Create | Villager (Male) |
| 12:47 | Create | Villager (Male) |
| 12:58 | Build | Farm |
| 12:58 | Create | Villager (Male) |
| 12:59 | Create | Villager (Male) |
| 13:07 | Build | Farm |
| 13:07 | Create | Villager (Male) |
| 13:13 | Create | Villager (Male) |
| 13:19 | Build | Farm |
| 13:27 | Create | Villager (Male) |
| 13:32 | Create | Villager (Male) |
| 13:39 | Create | Villager (Male) |
| 13:43 | Build | Farm |
| 13:43 | Create | Villager (Male) |
| 13:47 | Create | Villager (Male) |
| 13:49 | Create | Villager (Male) |
| 13:53 | Build | Farm |
| 13:56 | Create | Villager (Male) |
| 14:02 | Create | Villager (Male) |
| 14:07 | Create | Villager (Male) |
| 14:23 | Create | Villager (Male) |
| 14:37 | Create | Villager (Male) |
| 14:48 | Build | Town Center |
| 14:49 | Create | Villager (Male) |
| 14:51 | Create | Villager (Male) |
| 14:54 | Create | Villager (Male) |
| 15:02 | Create | Villager (Male) |
| 15:17 | Research | Hand Cart |
| 15:17 | Create | Villager (Male) |
| 15:18 | Create | Villager (Male) |
| 15:28 | Create | Villager (Male) |
| 15:31 | Create | Villager (Male) |
| 15:40 | Build | House |
| 15:41 | Create | Villager (Male) |
| 15:43 | Create | Villager (Male) |
| 15:46 | Build | Farm |
| 15:54 | Create | Villager (Male) |
| 16:00 | Create | Villager (Male) |
| 16:02 | Create | Villager (Male) |
| 16:04 | Build | Farm |
| 16:12 | Build | Farm |
| 16:18 | Create | Villager (Male) |
| 16:22 | Create | Villager (Male) |
| 16:23 | Create | Villager (Male) |
| 16:23 | Create | Villager (Male) |
| 16:30 | Build | Town Center |
| 16:32 | Create | Villager (Male) |
| 16:37 | Build | Farm |
| 16:42 | Create | Villager (Male) |
| 16:45 | Create | Villager (Male) |
| 16:49 | Create | Villager (Male) |
| 16:50 | Create | Villager (Male) |
| 16:56 | Create | Villager (Male) |
| 16:56 | Create | Villager (Male) |
| 16:58 | Build | Farm |
| 17:02 | Build | Farm |
| 17:02 | Create | Villager (Male) |
| 17:09 | Build | Farm |
| 17:16 | Build | Farm |
| 17:18 | Build | Farm |
| 17:20 | Build | Farm |
| 17:22 | Build | Farm |
| 17:24 | Build | House |
| 17:28 | Create | Villager (Male) |
| 17:33 | Build | Farm |
| 17:34 | Create | Villager (Male) |
| 17:35 | Create | Villager (Male) |
| 17:38 | Create | Villager (Male) |
| 17:44 | Build | Farm |
| 17:44 | Create | Villager (Male) |
| 17:45 | Create | Villager (Male) |
| 17:50 | Build | Farm |
| 17:50 | Create | Villager (Male) |
| 17:51 | Create | Villager (Male) |
| 17:54 | Build | Farm |
| 17:55 | Create | Villager (Male) |
| 18:02 | Build | House |
| 18:06 | Build | Farm |
| 18:08 | Create | Villager (Male) |
| 18:16 | Build | Farm |
| 18:16 | Create | Villager (Male) |
| 18:21 | Create | Villager (Male) |
| 18:24 | Build | Farm |
| 18:25 | Create | Villager (Male) |
| 18:28 | Create | Villager (Male) |
| 18:31 | Create | Villager (Male) |
| 18:33 | Build | Farm |
| 18:33 | Create | Villager (Male) |
| 18:35 | Build | Farm |
| 18:40 | Create | Villager (Male) |
| 18:42 | Create | Villager (Male) |
| 18:44 | Create | Villager (Male) |
| 18:51 | Create | Coustillier |
| 18:51 | Create | Coustillier |
| 18:52 | Create | Villager (Male) |
| 18:58 | Build | Farm |
| 19:00 | Build | Farm |
| 19:01 | Create | Villager (Male) |
| 19:05 | Build | House |
| 19:07 | Create | Villager (Male) |
| 19:08 | Create | Coustillier |
| 19:12 | Build | Farm |
| 19:13 | Create | Villager (Male) |
Build order — bluepeople
First 150 of 353 actions detected
| 0:01 | Create | Villager (Male) |
| 0:08 | Build | Lumber Camp |
| 0:09 | Create | Villager (Male) |
| 0:11 | Create | Villager (Male) |
| 0:13 | Create | Villager (Male) |
| 0:45 | Create | Villager (Male) |
| 0:45 | Create | Villager (Male) |
| 1:55 | Create | Villager (Male) |
| 2:18 | Create | Villager (Male) |
| 2:20 | Build | Mill |
| 2:20 | Create | Villager (Male) |
| 2:23 | Create | Villager (Male) |
| 2:33 | Create | Villager (Male) |
| 2:53 | Create | Villager (Male) |
| 2:54 | Create | Villager (Male) |
| 3:21 | Create | Villager (Male) |
| 3:21 | Create | Villager (Male) |
| 3:23 | Create | Villager (Male) |
| 3:34 | Build | Farm |
| 4:46 | Build | Mining Camp |
| 5:10 | Research | Feudal Age |
| 6:03 | Create | Villager (Male) |
| 6:03 | Create | Villager (Male) |
| 8:01 | Age | Feudal Age |
| 8:04 | Build | Market |
| 8:08 | Build | Blacksmith |
| 8:15 | Research | Double-Bit Axe |
| 8:54 | Research | Castle Age |
| 9:10 | Research | Horse Collar |
| 9:34 | Build | Farm |
| 10:09 | Build | Lumber Camp |
| 10:20 | Create | Villager (Male) |
| 10:30 | Build | Farm |
| 10:36 | Create | Villager (Male) |
| 11:10 | Build | Farm |
| 11:15 | Build | Farm |
| 11:18 | Build | Farm |
| 11:19 | Build | Farm |
| 11:34 | Age | Castle Age |
| 11:37 | Build | Monastery |
| 11:54 | Create | Villager (Male) |
| 11:56 | Build | Farm |
| 11:59 | Create | Tarkan |
| 12:04 | Research | Bow Saw |
| 12:09 | Build | Farm |
| 12:21 | Create | Villager (Male) |
| 12:25 | Create | Monk |
| 12:43 | Create | Monk |
| 12:45 | Build | Farm |
| 12:46 | Create | Villager (Male) |
| 13:06 | Build | Town Center |
| 13:07 | Create | Villager (Male) |
| 13:17 | Create | Villager (Male) |
| 13:29 | Create | Villager (Male) |
| 13:31 | Build | Farm |
| 13:31 | Build | Farm |
| 13:32 | Build | Farm |
| 13:32 | Build | Farm |
| 13:46 | Create | Villager (Male) |
| 13:51 | Build | Farm |
| 13:57 | Build | Farm |
| 14:07 | Create | Villager (Male) |
| 14:22 | Create | Villager (Male) |
| 14:40 | Create | Villager (Male) |
| 14:40 | Create | Villager (Male) |
| 14:41 | Build | Farm |
| 14:42 | Build | Farm |
| 14:42 | Build | Farm |
| 14:42 | Build | Farm |
| 14:45 | Create | Villager (Male) |
| 15:02 | Create | Villager (Male) |
| 15:11 | Create | Villager (Male) |
| 15:22 | Create | Villager (Male) |
| 15:39 | Create | Villager (Male) |
| 15:45 | Create | Villager (Male) |
| 15:47 | Create | Villager (Male) |
| 15:58 | Build | Town Center |
| 16:03 | Create | Villager (Male) |
| 16:11 | Create | Villager (Male) |
| 16:17 | Create | Villager (Male) |
| 16:40 | Research | Heavy Plow |
| 16:41 | Create | Villager (Male) |
| 16:49 | Create | Villager (Male) |
| 17:00 | Create | Villager (Male) |
| 17:01 | Create | Villager (Male) |
| 17:14 | Build | Palisade Wall |
| 17:22 | Research | Gold Mining |
| 17:25 | Create | Villager (Male) |
| 17:38 | Build | Mill |
| 17:39 | Build | Farm |
| 17:39 | Build | Farm |
| 17:39 | Build | Farm |
| 17:39 | Build | Farm |
| 17:40 | Build | Farm |
| 17:40 | Build | Farm |
| 17:40 | Build | Farm |
| 17:40 | Build | Farm |
| 17:40 | Build | Farm |
| 17:41 | Build | Farm |
| 17:49 | Create | Villager (Male) |
| 17:54 | Create | Villager (Male) |
| 18:13 | Build | Lumber Camp |
| 18:15 | Create | Villager (Male) |
| 18:18 | Create | Villager (Male) |
| 18:25 | Create | Villager (Male) |
| 18:26 | Create | Villager (Male) |
| 18:28 | Create | Villager (Male) |
| 18:35 | Create | Villager (Male) |
| 18:40 | Create | Villager (Male) |
| 18:40 | Create | Villager (Male) |
| 18:47 | Create | Tarkan |
| 18:47 | Create | Tarkan |
| 18:50 | Create | Villager (Male) |
| 19:00 | Create | Villager (Male) |
| 19:15 | Create | Villager (Male) |
| 19:20 | Create | Villager (Male) |
| 19:24 | Build | Stone Wall |
| 19:25 | Create | Villager (Male) |
| 19:27 | Create | Villager (Male) |
| 19:28 | Create | Villager (Male) |
| 19:29 | Create | Villager (Male) |
| 19:37 | Create | Villager (Male) |
| 19:41 | Create | Villager (Male) |
| 19:43 | Create | Villager (Male) |
| 19:47 | Create | Villager (Male) |
| 19:54 | Create | Villager (Male) |
| 19:57 | Create | Villager (Male) |
| 20:05 | Create | Villager (Male) |
| 20:09 | Build | Farm |
| 20:10 | Build | Farm |
| 20:10 | Build | Farm |
| 20:10 | Build | Farm |
| 20:10 | Build | Farm |
| 20:10 | Build | Farm |
| 20:15 | Create | Villager (Male) |
| 20:28 | Research | Scale Barding Armor |
| 20:36 | Create | Tarkan |
| 20:36 | Create | Tarkan |
| 20:43 | Build | Farm |
| 20:44 | Build | Farm |
| 20:44 | Build | Farm |
| 20:44 | Build | Farm |
| 20:46 | Build | Farm |
| 20:46 | Build | Farm |
| 20:47 | Build | Farm |
| 20:47 | Build | Farm |
| 20:47 | Build | Farm |
| 20:47 | Build | Farm |
| 20:47 | Build | Farm |
| 20:49 | Create | Villager (Male) |
Build order — (PNG)Ludovicum95
First 150 of 454 actions detected
| 0:01 | Create | Villager (Male) |
| 0:01 | Create | Villager (Male) |
| 0:03 | Build | Lumber Camp |
| 0:20 | Create | Villager (Male) |
| 0:28 | Build | Mill |
| 0:35 | Create | Villager (Male) |
| 0:55 | Create | Villager (Male) |
| 1:15 | Research | Double-Bit Axe |
| 1:16 | Research | Double-Bit Axe |
| 1:39 | Create | Villager (Male) |
| 1:40 | Create | Villager (Male) |
| 1:51 | Create | Villager (Male) |
| 2:17 | Create | Villager (Male) |
| 2:44 | Create | Villager (Male) |
| 3:09 | Create | Villager (Male) |
| 3:13 | Create | Villager (Male) |
| 3:13 | Create | Villager (Male) |
| 3:44 | Create | Villager (Male) |
| 3:56 | Research | Horse Collar |
| 4:50 | Create | Villager (Male) |
| 5:16 | Build | Mining Camp |
| 5:25 | Research | Feudal Age |
| 5:25 | Research | Feudal Age |
| 5:40 | Build | Farm |
| 5:43 | Build | Farm |
| 5:48 | Build | Farm |
| 6:24 | Create | Villager (Male) |
| 6:25 | Create | Villager (Male) |
| 6:32 | Build | Farm |
| 7:36 | Age | Feudal Age |
| 7:38 | Build | Market |
| 7:45 | Build | Blacksmith |
| 8:28 | Research | Castle Age |
| 8:28 | Research | Castle Age |
| 8:37 | Build | Lumber Camp |
| 9:24 | Research | Bow Saw |
| 9:24 | Research | Bow Saw |
| 9:37 | Research | Heavy Plow |
| 9:37 | Research | Heavy Plow |
| 9:45 | Create | Villager (Male) |
| 9:45 | Create | Villager (Male) |
| 10:35 | Build | House |
| 10:58 | Build | House |
| 11:08 | Age | Castle Age |
| 11:10 | Create | Villager (Male) |
| 11:27 | Build | Town Center |
| 11:30 | Build | Town Center |
| 11:41 | Create | Villager (Male) |
| 12:05 | Create | Villager (Male) |
| 12:35 | Create | Villager (Male) |
| 12:56 | Create | Villager (Male) |
| 13:04 | Build | Farm |
| 13:06 | Build | Farm |
| 13:09 | Create | Villager (Male) |
| 13:09 | Create | Villager (Male) |
| 13:11 | Create | Villager (Male) |
| 13:13 | Create | Villager (Male) |
| 13:13 | Create | Villager (Male) |
| 13:15 | Build | Farm |
| 13:17 | Build | Farm |
| 13:19 | Build | Farm |
| 13:22 | Build | Farm |
| 13:24 | Create | Villager (Male) |
| 13:24 | Create | Villager (Male) |
| 13:27 | Build | Farm |
| 13:40 | Research | Wheelbarrow |
| 13:40 | Create | Villager (Male) |
| 13:41 | Create | Villager (Male) |
| 13:56 | Create | Villager (Male) |
| 13:57 | Create | Villager (Male) |
| 14:04 | Create | Villager (Male) |
| 14:04 | Create | Villager (Male) |
| 14:06 | Build | Farm |
| 14:08 | Build | Farm |
| 14:13 | Build | Farm |
| 14:18 | Build | Farm |
| 14:20 | Create | Villager (Male) |
| 14:20 | Create | Villager (Male) |
| 14:34 | Create | Villager (Male) |
| 14:40 | Build | Farm |
| 14:42 | Build | Farm |
| 14:49 | Build | Farm |
| 14:57 | Create | Villager (Male) |
| 14:57 | Create | Villager (Male) |
| 14:57 | Create | Villager (Male) |
| 14:58 | Create | Villager (Male) |
| 15:30 | Create | Villager (Male) |
| 15:30 | Create | Villager (Male) |
| 15:31 | Create | Villager (Male) |
| 15:31 | Create | Villager (Male) |
| 15:36 | Build | Town Center |
| 15:56 | Create | Villager (Male) |
| 15:56 | Create | Villager (Male) |
| 15:57 | Create | Villager (Male) |
| 15:57 | Create | Villager (Male) |
| 16:08 | Create | Villager (Male) |
| 16:08 | Create | Villager (Male) |
| 16:14 | Build | Farm |
| 16:20 | Build | Farm |
| 16:56 | Create | Villager (Male) |
| 16:56 | Create | Villager (Male) |
| 16:56 | Create | Villager (Male) |
| 16:57 | Create | Villager (Male) |
| 16:57 | Create | Villager (Male) |
| 16:57 | Create | Villager (Male) |
| 16:58 | Create | Villager (Male) |
| 16:58 | Create | Villager (Male) |
| 16:58 | Create | Villager (Male) |
| 17:06 | Build | Farm |
| 17:08 | Build | Farm |
| 17:10 | Build | Farm |
| 17:26 | Build | Farm |
| 17:27 | Create | Villager (Male) |
| 17:27 | Create | Villager (Male) |
| 17:33 | Build | Farm |
| 17:36 | Build | Farm |
| 17:38 | Build | Farm |
| 17:40 | Build | Farm |
| 17:41 | Build | Farm |
| 17:51 | Build | Farm |
| 17:52 | Create | Villager (Male) |
| 17:52 | Create | Villager (Male) |
| 17:53 | Create | Villager (Male) |
| 17:54 | Create | Villager (Male) |
| 18:04 | Create | Villager (Male) |
| 18:04 | Create | Villager (Male) |
| 18:09 | Create | Villager (Male) |
| 18:18 | Research | Stone Mining |
| 18:18 | Research | Stone Mining |
| 18:21 | Research | Gold Mining |
| 18:21 | Research | Gold Mining |
| 18:22 | Create | Villager (Male) |
| 18:32 | Build | Farm |
| 18:34 | Build | Farm |
| 18:39 | Build | House |
| 18:45 | Research | Hand Cart |
| 18:49 | Research | Town Watch |
| 18:50 | Research | Loom |
| 18:51 | Create | Villager (Male) |
| 18:52 | Create | Villager (Male) |
| 18:52 | Create | Villager (Male) |
| 18:58 | Build | House |
| 18:59 | Build | House |
| 19:00 | Build | House |
| 19:02 | Build | House |
| 19:03 | Build | House |
| 19:04 | Build | House |
| 19:20 | Build | House |
| 19:21 | Build | Barracks |
| 19:23 | Create | Villager (Male) |
Build order — 大庆Song
First 150 of 453 actions detected
| 0:02 | Create | Villager (Male) |
| 0:02 | Create | Villager (Male) |
| 0:13 | Create | Villager (Male) |
| 0:13 | Create | Villager (Male) |
| 0:17 | Build | Mill |
| 0:21 | Build | Lumber Camp |
| 0:54 | Create | Villager (Male) |
| 0:55 | Create | Villager (Male) |
| 1:38 | Create | Villager (Male) |
| 2:07 | Create | Villager (Male) |
| 2:07 | Create | Villager (Male) |
| 2:07 | Create | Villager (Male) |
| 2:07 | Create | Villager (Male) |
| 2:44 | Create | Villager (Male) |
| 3:14 | Create | Villager (Male) |
| 3:14 | Create | Villager (Male) |
| 3:25 | Create | Villager (Male) |
| 3:50 | Create | Villager (Male) |
| 4:35 | Create | Villager (Male) |
| 5:05 | Build | Farm |
| 5:06 | Build | Farm |
| 5:08 | Build | Farm |
| 5:09 | Build | Farm |
| 5:16 | Build | Farm |
| 5:35 | Build | Mining Camp |
| 5:37 | Research | Feudal Age |
| 7:55 | Create | Villager (Male) |
| 7:56 | Create | Villager (Male) |
| 8:02 | Age | Feudal Age |
| 8:08 | Build | Blacksmith |
| 8:15 | Build | Market |
| 8:47 | Build | Lumber Camp |
| 8:55 | Research | Castle Age |
| 9:19 | Research | Double-Bit Axe |
| 9:40 | Research | Gold Mining |
| 10:16 | Build | Barracks |
| 10:40 | Create | Villager (Male) |
| 10:53 | Build | House |
| 11:14 | Build | House |
| 11:22 | Build | House |
| 11:29 | Build | House |
| 11:34 | Build | Stone Wall |
| 11:35 | Age | Castle Age |
| 11:38 | Create | Villager (Male) |
| 11:42 | Build | Town Center |
| 11:52 | Create | Villager (Male) |
| 11:56 | Research | Bow Saw |
| 12:21 | Create | Villager (Male) |
| 12:29 | Build | House |
| 12:30 | Build | House |
| 12:42 | Create | Villager (Male) |
| 12:54 | Build | Farm |
| 12:59 | Build | Farm |
| 13:06 | Build | Farm |
| 13:12 | Build | Farm |
| 13:13 | Build | Farm |
| 13:15 | Create | Villager (Male) |
| 13:17 | Create | Villager (Male) |
| 13:19 | Create | Villager (Male) |
| 13:23 | Build | Farm |
| 13:24 | Build | Farm |
| 13:26 | Create | Villager (Male) |
| 13:28 | Build | Farm |
| 13:33 | Build | House |
| 13:34 | Build | House |
| 13:37 | Create | Villager (Male) |
| 13:47 | Build | Farm |
| 13:53 | Build | Farm |
| 14:23 | Create | Villager (Male) |
| 14:28 | Create | Villager (Male) |
| 14:32 | Build | Town Center |
| 14:37 | Build | Farm |
| 14:40 | Create | Villager (Male) |
| 14:43 | Create | Villager (Male) |
| 14:49 | Build | House |
| 14:50 | Build | House |
| 14:51 | Create | Villager (Male) |
| 15:10 | Create | Villager (Male) |
| 15:20 | Build | Stable |
| 15:21 | Create | Villager (Male) |
| 15:24 | Create | Villager (Male) |
| 15:31 | Create | Villager (Male) |
| 15:44 | Create | Villager (Male) |
| 15:51 | Build | House |
| 15:52 | Build | House |
| 15:56 | Research | Wheelbarrow |
| 16:06 | Build | Stable |
| 16:07 | Create | Villager (Male) |
| 16:14 | Create | Villager (Male) |
| 16:23 | Create | Villager (Male) |
| 16:31 | Build | Monastery |
| 16:33 | Create | Villager (Male) |
| 16:41 | Create | Villager (Male) |
| 16:43 | Create | Villager (Male) |
| 16:45 | Build | Farm |
| 16:48 | Build | Farm |
| 16:49 | Build | Farm |
| 17:00 | Create | Villager (Male) |
| 17:09 | Build | Stable |
| 17:10 | Create | Villager (Male) |
| 17:13 | Build | Farm |
| 17:13 | Create | Villager (Male) |
| 17:20 | Create | Monk |
| 17:24 | Create | Villager (Male) |
| 17:28 | Build | House |
| 17:28 | Build | House |
| 17:34 | Build | Farm |
| 17:38 | Create | Villager (Male) |
| 17:43 | Build | Mining Camp |
| 17:45 | Create | Villager (Male) |
| 17:46 | Create | Villager (Male) |
| 17:51 | Build | Farm |
| 17:52 | Build | Farm |
| 17:59 | Build | Outpost |
| 18:03 | Build | Farm |
| 18:05 | Create | Villager (Male) |
| 18:12 | Build | Lumber Camp |
| 18:21 | Create | Villager (Male) |
| 18:22 | Create | Villager (Male) |
| 18:29 | Create | Villager (Male) |
| 18:34 | Build | House |
| 18:36 | Build | House |
| 18:38 | Build | House |
| 18:42 | Build | House |
| 18:55 | Research | Scale Barding Armor |
| 18:57 | Research | Husbandry |
| 18:59 | Create | Villager (Male) |
| 19:06 | Build | Stable |
| 19:07 | Build | Stable |
| 19:13 | Create | Villager (Male) |
| 19:14 | Create | Villager (Male) |
| 19:20 | Build | Farm |
| 19:21 | Build | Farm |
| 19:26 | Build | Farm |
| 19:28 | Create | Villager (Male) |
| 19:29 | Create | Villager (Male) |
| 19:35 | Create | Villager (Male) |
| 19:40 | Build | House |
| 19:40 | Build | House |
| 19:41 | Build | House |
| 19:43 | Build | House |
| 19:44 | Create | Villager (Male) |
| 19:47 | Research | Loom |
| 19:50 | Research | Gold Shaft Mining |
| 19:56 | Create | Villager (Male) |
| 20:05 | Build | Stable |
| 20:15 | Create | Knight |
| 20:16 | Create | Knight |
| 20:16 | Create | Knight |
| 20:17 | Create | Knight |
Match timeline
| 5:32 | boo · age_up feudal |
| 7:11 | Der ölende Fisch · age_up feudal |
| 7:12 | ntn88 · age_up feudal |
| 7:36 | (PNG)Ludovicum95 · age_up feudal |
| 7:42 | boo · first_market_sell 100 wood |
| 8:01 | Kustomluke · age_up feudal |
| 8:01 | bluepeople · age_up feudal |
| 8:02 | 大庆Song · age_up feudal |
| 8:31 | OmegaJ256 · first_market_sell 100 wood |
| 9:57 | boo · wall_segment Palisade Wall x1 |
| 10:13 | boo · wall_segment Palisade Wall x1 |
| 10:16 | 大庆Song · first_building Barracks |
| 10:27 | Kustomluke · first_building Barracks |
| 10:46 | Der ölende Fisch · age_up castle |
| 11:07 | ntn88 · age_up castle |
| 11:08 | (PNG)Ludovicum95 · age_up castle |
| 11:31 | Kustomluke · age_up castle |
| 11:32 | ntn88 · first_building Monastery |
| 11:34 | 大庆Song · wall_segment Stone Wall x1 |
| 11:34 | bluepeople · age_up castle |
| 11:35 | 大庆Song · age_up castle |
| 11:36 | Kustomluke · first_building Siege Workshop |
| 11:37 | bluepeople · first_building Monastery |
| 11:44 | ntn88 · first_market_sell 100 food |
| 11:44 | ntn88 · first_market_buy 100 wood |
| 11:57 | Kustomluke · first_market_sell 100 stone |
| 11:58 | Kustomluke · first_market_buy 100 wood |
| 13:00 | boo · age_up castle |
| 13:13 | boo · wall_segment Palisade Wall x1 |
| 13:15 | boo · wall_segment Palisade Wall x1 |
| 13:16 | boo · wall_segment Palisade Wall x1 |
| 13:22 | boo · first_building Monastery |
| 13:43 | boo · wall_segment Palisade Wall x1 |
| 13:46 | boo · wall_segment Palisade Wall x1 |
| 14:04 | 大庆Song · first_market_buy 100 wood |
| 15:20 | 大庆Song · first_building Stable |
| 16:15 | boo · first_market_buy 100 stone |
| 16:31 | 大庆Song · first_building Monastery |
| 17:14 | bluepeople · wall_segment Palisade Wall x1 |
| 19:05 | ntn88 · first_building Siege Workshop |
| 19:21 | (PNG)Ludovicum95 · first_building Barracks |
| 19:24 | bluepeople · wall_segment Stone Wall x4 |
| 19:31 | (PNG)Ludovicum95 · first_building Stable |
| 19:40 | Der ölende Fisch · first_building Stable |
| 19:51 | OmegaJ256 · first_building Monastery |
| 20:07 | Der ölende Fisch · first_market_sell 100 food |
| 20:37 | OmegaJ256 · first_building Castle |
| 20:50 | bluepeople · wall_segment Stone Wall x1 |
| 20:54 | bluepeople · wall_segment Stone Wall x1 |
| 21:05 | boo · first_building Barracks |
| 21:24 | (PNG)Ludovicum95 · first_market_sell 100 wood |
| 21:38 | Der ölende Fisch · first_building Archery Range |
| 21:41 | OmegaJ256 · first_building Stable |
| 22:03 | boo · first_building Stable |
| 22:24 | (PNG)Ludovicum95 · first_building Castle |
| 22:32 | Der ölende Fisch · wall_segment Palisade Wall x1 |
| 22:34 | Der ölende Fisch · wall_segment Palisade Wall x1 |
| 22:43 | Der ölende Fisch · wall_segment Palisade Wall x1 |
| 23:28 | boo · wall_segment Stone Wall x3 |
| 23:34 | boo · wall_segment Stone Wall x10 |
| 23:42 | boo · wall_segment Stone Wall x9 |
| 23:45 | Der ölende Fisch · age_up imperial |
| 23:46 | boo · first_building Castle |
| 24:04 | bluepeople · first_building Castle |
| 24:17 | bluepeople · wall_segment Stone Wall x24 |
| 24:25 | bluepeople · first_building Archery Range |
| 24:55 | (PNG)Ludovicum95 · age_up imperial |
| 25:03 | bluepeople · first_market_sell 100 food |
| 25:05 | bluepeople · first_market_buy 100 wood |
| 25:28 | bluepeople · wall_segment Stone Wall x9 |
| 25:37 | bluepeople · wall_segment Stone Wall x5 |
| 25:46 | Der ölende Fisch · wall_segment Stone Wall x16 |
| 26:17 | Der ölende Fisch · wall_segment Stone Wall x11 |
| 26:32 | bluepeople · first_building Stable |
| 26:57 | 大庆Song · age_up imperial |
| 27:00 | bluepeople · age_up imperial |
| 27:06 | (PNG)Ludovicum95 · wall_segment Stone Wall x1 |
| 27:21 | 大庆Song · first_building Castle |
| 27:27 | ntn88 · age_up imperial |
| 27:40 | Der ölende Fisch · first_market_buy 100 food |
| 27:52 | ntn88 · first_building Castle |
| 28:00 | 大庆Song · first_market_sell 500 wood |
| 28:04 | Kustomluke · wall_segment Stone Wall x12 |
| 28:08 | Kustomluke · wall_segment Stone Wall x4 |
| 29:29 | 大庆Song · first_building Archery Range |
| 29:37 | Der ölende Fisch · first_building Castle |
| 29:42 | Der ölende Fisch · first_building Siege Workshop |
| 30:16 | boo · age_up imperial |
| 30:50 | bluepeople · wall_segment Stone Wall x8 |
| 30:59 | Kustomluke · first_building Castle |
| 31:17 | (PNG)Ludovicum95 · first_building Siege Workshop |
| 31:32 | Kustomluke · age_up imperial |
| 34:19 | ntn88 · wall_segment Palisade Wall x1 |
| 34:24 | OmegaJ256 · resign |
[ AI ANALYSIS · 1 CREDIT ]
What really happened in this match?
Wolo.gg analyzes every decision: build order, eco, micro, common mistakes by bracket. Personalized analysis on WhatsApp or Discord in 30 seconds.
Civ guide
Bengalis
Perfil
Jugador #20939136